 Dungeon Crawl Stone Soup version 0.27.1 (webtiles) character file.

Game seed: 16053876056145465275

11 MacCMillion the Caller (level 2, 19/19 HPs)
             Began as a Merfolk Summoner on Aug 21, 2021.
             Was a Follower of the Shining One.
             Quit the game on level 1 of the Dungeon.
             The game lasted 00:03:33 (1015 turns).

MacCMillion the Caller (Merfolk Summoner)           Turns: 1015, Time: 00:03:34

Health: 19/19      AC:  2    Str:  8    XL:     2   Next: 29%
Magic:  5/5        EV: 12    Int: 14    God:    the Shining One [*.....]
Gold:   46         SH:  0    Dex: 14    Spells: 2/5 levels left

rFire    . . .     SeeInvis .   d - +1 dagger (vamp)
rCold    . . .     Faith    .   (no shield)
rNeg     . . .     Spirit   .   a - +0 robe
rPois    .         Reflect  .   (no helmet)
rElec    .         Harm     .   (no cloak)
rCorr    .         Rampage  .   (no gloves)
Will     .....                  (no boots)
Stlth    +.........             (no amulet)
HPRegen  0.06/turn              (no ring)
MPRegen  0.09/turn              (no ring)

@: glowing
A: (nimble swimmer 2), mertail
a: Renounce Religion


You were on level 1 of the Dungeon.
You worshipped the Shining One.
The Shining One was aware of your devotion.
You visited 1 branch of the dungeon, and saw 1 of its levels.

You collected 46 gold pieces.

Inventory:

Hand Weapons
 d - a +1 vampiric dagger (weapon)
Armour
 a - a +0 robe (worn)
Scrolls
 f - a scroll of fear {unknown}
Potions
 b - a potion of degeneration {unknown}
 c - a potion of heal wounds {unknown}
 e - a potion of curing {unknown}


   Skills:
 - Level 2.6 Dodging
 - Level 2.1 Stealth
 - Level 2.0 Spellcasting
 + Level 4.5 Summonings


You had 2 spell levels left.
You knew the following spells:

 Your Spells              Type           Power      Damage    Failure   Level
a - Summon Small Mammal   Summ           56%        N/A       3%          1
b - Call Imp              Summ           14%        N/A       5%          2

Your spell library contained the following spells:

 Spells                   Type           Power      Damage    Failure   Level
 Animate Skeleton         Necr           2%         N/A       24%         1
 Pain                     Necr           4%         1d4       24%         1
 Call Canine Familiar     Summ           14%        N/A       11%         3
 Summon Guardian Golem    Hex/Summ       7%         N/A       28%         3
 Vampiric Draining        Necr           0%         2d6       56%         3
 Summon Lightning Spire   Summ/Air       7%         N/A       67%         4


Dungeon Overview and Level Annotations

Branches:
Dungeon (1/15)

Altars:
The Shining One


Innate Abilities, Weirdness & Mutations

((You are quick and stealthy near water. (Stealth+, EV+, Speed+++)))
Your lower body shifts to a powerful aquatic tail in water.


Message History

The ball python is severely wounded.
The ball python closely misses you. The ball python grabs you.
The ball python constricts you.
Your shadow imp hits the ball python.
The ball python dies!
You barely miss the dart slug.
The dart slug is almost dead.
Your shadow imp hits the dart slug.
The dart slug dies!
No target in view!
Found a glowing hand axe.
f - a scroll labelled JAYRET VEO
Found a scroll labelled ARIANOH EMUT.
You swap places.
You hit the plant but do no damage. You hit the plant.
The plant begins to die.
The plant is lightly damaged.
Your shadow imp hits the plant.
The plant begins to die.
You hit the plant but do no damage.
The plant is lightly damaged.
Your shadow imp hits the plant.
You hit the plant.
The plant is lightly damaged.
Your shadow imp disappears in a puff of smoke!
A nearby plant withers and dies.
A nearby plant withers and dies.
There is a faded altar of an unknown god here.
You cannot tell which god this altar belongs to.
Convert to them anyway?
Okay, then.
You hit the fungus.
The fungus begins to die.
The fungus is lightly damaged.
Unknown command.
Press < or > to pray at altars.
You cannot tell which god this altar belongs to.
Convert to them anyway?
The Shining One accepts your prayer! The Shining One welcomes you!
The Shining One warns you to remove your +1 vampiric dagger.
You and your allies can now gain power from killing the unholy and evil.
Unknown command.
Press < or > to pray at altars.
Are you sure you want to abandon this character and quit the game? (Confirm with "yes".)

###### ......#########
.......#......###
................##
..........P......#
?.............♣..#
.........†PPP.P..####
.........PPP@.P..#..#
...........PPP♣.....#########
............PP♣......#.......
..).......P.P..P.##..........
.....#..............>.....
.........#######.)PPPPPPP.
......# ##..).....P.P. .....
#.....P.P.P.P†
........P.P.P.P.


There were no monsters in sight!

Vanquished Creatures
  A dart slug (D:1)
  A giant cockroach (D:1)
2 creatures vanquished.

Vanquished Creatures (collateral kills)
  A dart slug (D:1)
  An endoplasm (D:1)
  2 goblins (D:1)
  A ball python (D:1)
  2 frilled lizards (D:1)
  2 kobolds (D:1)
  2 rats (D:1)
11 creatures vanquished.

Vanquished Creatures (others)
  3 plants (D:1)
  5 toadstools (D:1)
8 creatures vanquished.

Grand Total: 21 creatures vanquished

Notes
Turn   | Place    | Note
-------+----------+-------------------------------------------
     0 | D:1      | MacCMillion the Merfolk Summoner began the quest for the
                  | Orb.
     0 | D:1      | Reached XP level 1. HP: 13/13 MP: 3/3
   521 | D:1      | Reached XP level 2. HP: 2/19 MP: 5/5
   798 | D:1      | Learned a level 2 spell: Call Imp
   923 | D:1      | Found a faded altar of an unknown god.
  1014 | D:1      | Became a worshipper of the Shining One
  1014 | D:1      | Reached * piety under the Shining One
  1015 | D:1      | Quit the game

Illustrated notes

Levels and vault maps discovered:
D:1:      ldierk_walled_garden, layout_rooms, dreamdust_ecumenical_altar_grove,
          minmay_hedge_maze

Action                   || total
-------------------------++-------
Melee: Dagger            ||    35
       Unarmed           ||     7
 Cast: Summon Small Mamm ||    12
       Call Imp          ||     3
Armor: Robe              ||     5
Dodge: Dodged            ||    14
